SAAA
TORTOLITA DRUMMERS @ ATHLETIC CLUB KC RESERVES
09/13/2021
 
TOP OF THE 1ST
Tortolita Drummers batting - Pitching for Athletic Club KC Reserves : RHP Norris Howard
Pitching: RHP Norris Howard
Batting: RHB Jim Harris 0-0: Ball
1-0: Called Strike
1-1: Called Strike
1-2: Foul Ball, location: 2F
1-2: Strikes out swinging
Batting: RHB Dan Lewis 0-0: Ball
1-0: Ball
2-0: Foul Ball, location: 2F
2-1: Ball
3-1: Called Strike
3-2: Base on Balls
Batting: RHB Lonnie Conrad 0-0: SINGLE (Line Drive, 78S)
Dan Lewis to second
Batting: LHB Keith Spear 0-0: Called Strike
0-1: Ball
Dan Lewis is caught stealing 3rd base
Lonnie Conrad to second
1-1: Fly out, F9 (Flyball, 9M)
Top of the 1st over - 0 run(s), 1 hit(s), 0 error(s), 1 left on base; Tortolita 0 - Athletic Club KC 0
BOTTOM OF THE 1ST
Athletic Club KC Reserves batting - Pitching for Tortolita Drummers : RHP Artie Chávez
Pitching: RHP Artie Chávez
Batting: RHB Javier Díaz 0-0: Ball
1-0: Called Strike
1-1: Ball
2-1: Called Strike
2-2: Ground out 6-3 (Groundball, 6M)
Batting: RHB Jason Dunn 0-0: Fly out, F7 (Flyball, 78XD)
Batting: LHB Rafael García 0-0: Called Strike
0-1: Swinging Strike
0-2: Ball
1-2: Ball
2-2: SINGLE (Flyball, 89S)
Batting: LHB Thatcher Douglas 0-0: Ball
1-0: Ball
2-0: Ball
3-0: Swinging Strike
3-1: Called Strike
3-2: Foul Ball, location: 2F
3-2: Foul Ball, location: 2F
3-2: Foul Ball, location: 2F
3-2: Foul Ball, location: 2F
3-2: 2-RUN HOME RUN (Flyball, 89XD), Distance : 367 ft
Batting: RHB Robert Hill 0-0: Fly out, F9 (Flyball, 89D)
Bottom of the 1st over - 2 run(s), 2 hit(s), 0 error(s), 0 left on base; Tortolita 0 - Athletic Club KC 2
TOP OF THE 2ND
Tortolita Drummers batting - Pitching for Athletic Club KC Reserves : RHP Norris Howard
Batting: RHB Ignacio Rodríguez 0-0: Called Strike
0-1: Ground out 4-3 (Groundball, 34)
Batting: LHB Raúl Andrade 0-0: Fly out, F7 (Flyball, 78M)
Batting: RHB Nick Reed 0-0: Called Strike
0-1: Swinging Strike
0-2: Ball
1-2: Ball
2-2: Strikes out swinging
Top of the 2nd over - 0 run(s), 0 hit(s), 0 error(s), 0 left on base; Tortolita 0 - Athletic Club KC 2
BOTTOM OF THE 2ND
Athletic Club KC Reserves batting - Pitching for Tortolita Drummers : RHP Artie Chávez
Batting: LHB Matt Hartnett 0-0: Ball
1-0: Ball
2-0: Ball
3-0: Called Strike
3-1: Base on Balls
Batting: RHB Máximo Padilla 0-0: Foul Ball, location: 2F
0-1: Ball
1-1: Foul Ball, location: 2F
1-2: Foul Ball, location: 2F
1-2: Foul Ball, location: 2F
1-2: Ball
2-2: Grounds into double play, 5-4-3 (Groundball, 5)
Batting: LHB Eduardo López 0-0: Fly out, F6 (Line Drive, 6D)
Bottom of the 2nd over - 0 run(s), 0 hit(s), 0 error(s), 0 left on base; Tortolita 0 - Athletic Club KC 2
TOP OF THE 3RD
Tortolita Drummers batting - Pitching for Athletic Club KC Reserves : RHP Norris Howard
Batting: RHB Richard Ollivier 0-0: Ball
1-0: Ball
2-0: Ball
3-0: Hit by Pitch
Batting: SHB Omar Gutiérrez 0-0: Called Strike
0-1: Ball
1-1: Ground out 3-1 (Groundball, 34)
Richard Ollivier to second
Batting: RHB Jim Harris 0-0: Foul Ball, location: 2F
0-1: SINGLE (Groundball, 6MD) (infield hit)
Richard Ollivier to third
Batting: RHB Dan Lewis 0-0: Called Strike
0-1: Ball
1-1: Called Strike
Jim Harris steals 2nd base
1-2: Ball
2-2: Ball
Wild Pitch!
Richard Ollivier scores
Jim Harris to third
3-2: SINGLE (Flyball, 4D)
Jim Harris scores
Batting: RHB Lonnie Conrad 0-0: Foul Ball, location: 2F
0-1: Fly out, F7 (Flyball, 7M)
Batting: LHB Keith Spear 0-0: Called Strike
0-1: Ball
1-1: Ball
Dan Lewis steals 2nd base
2-1: Ball
3-1: Foul Ball, location: 2F
3-2: Foul Ball, location: 2F
3-2: Base on Balls
Batting: RHB Ignacio Rodríguez 0-0: Called Strike
Pickoff Throw to Second - Error! E1
Dan Lewis to third
Keith Spear to second
0-1: SINGLE (Groundball, 56)
Dan Lewis scores
Keith Spear to third
Runner from 3rd tries for Home, SAFE, no throw or cutoff
Batting: LHB Raúl Andrade 0-0: Ground out U3 (Groundball, 3)
Top of the 3rd over - 4 run(s), 3 hit(s), 1 error(s), 1 left on base; Tortolita 4 - Athletic Club KC 2
BOTTOM OF THE 3RD
Athletic Club KC Reserves batting - Pitching for Tortolita Drummers : RHP Artie Chávez
Batting: SHB Evan Adams 0-0: Ball
1-0: Ground out U3 (Groundball, 3S)
Batting: RHB Javier Díaz 0-0: SINGLE (Line Drive, 3D)
Batting: RHB Jason Dunn 0-0: Called Strike
Javier Díaz steals 2nd base
0-1: Called Strike
0-2: Ball
1-2: Foul Ball, location: 2F
1-2: Fly out, F8 (Line Drive, 8LS)
Batting: LHB Rafael García 0-0: SINGLE (Line Drive, 34)
Javier Díaz to third
Batting: LHB Thatcher Douglas 0-0: SINGLE (Line Drive, 34D)
Javier Díaz scores
Rafael García to second
Runner from 2nd tries for 3rd, SAFE, throw made to third
Thatcher Douglas to second
Batting: RHB Robert Hill 0-0: Ground out 5-3 (Groundball, 56)
Bottom of the 3rd over - 1 run(s), 3 hit(s), 0 error(s), 2 left on base; Tortolita 4 - Athletic Club KC 3
TOP OF THE 4TH
Tortolita Drummers batting - Pitching for Athletic Club KC Reserves : RHP Norris Howard
Batting: RHB Nick Reed 0-0: Called Strike
0-1: Ground out 3-1 (Groundball, 34)
Batting: RHB Richard Ollivier 0-0: Ball
1-0: Foul Ball, location: 2F
1-1: Foul Ball, location: 2F
1-2: Ball
2-2: Fly out, F8 (Flyball, 8LM)
Batting: SHB Omar Gutiérrez 0-0: Called Strike
0-1: Foul Ball, location: 2F
0-2: Ball
1-2: Foul Ball, location: 2F
1-2: Ball
2-2: Foul Ball, location: 2F
2-2: Foul Ball, location: 2F
2-2: Fly out, F7 (Flyball, 7LMF)
Top of the 4th over - 0 run(s), 0 hit(s), 0 error(s), 0 left on base; Tortolita 4 - Athletic Club KC 3
BOTTOM OF THE 4TH
Athletic Club KC Reserves batting - Pitching for Tortolita Drummers : RHP Artie Chávez
Batting: LHB Matt Hartnett 0-0: Ball
1-0: Ground out 3-1 (Groundball, 34)
Batting: RHB Máximo Padilla 0-0: Ground out 5-3 (Groundball, 56)
Batting: LHB Eduardo López 0-0: Ball
1-0: Ball
2-0: Called Strike
2-1: Ground out 6-3 (Groundball, 6M)
Bottom of the 4th over - 0 run(s), 0 hit(s), 0 error(s), 0 left on base; Tortolita 4 - Athletic Club KC 3
TOP OF THE 5TH
Tortolita Drummers batting - Pitching for Athletic Club KC Reserves : RHP Norris Howard
Batting: RHB Jim Harris 0-0: Foul Ball, location: 2F
0-1: Ball
1-1: Fly out, F9 (Flyball, 89S)
Batting: RHB Dan Lewis 0-0: Called Strike
0-1: Fly out, F7 (Flyball, 7M)
Batting: RHB Lonnie Conrad 0-0: Ball
1-0: Foul Ball, location: 2F
1-1: Ball
2-1: Fly out, F9 (Line Drive, 89M)
Top of the 5th over - 0 run(s), 0 hit(s), 0 error(s), 0 left on base; Tortolita 4 - Athletic Club KC 3
BOTTOM OF THE 5TH
Athletic Club KC Reserves batting - Pitching for Tortolita Drummers : RHP Artie Chávez
Batting: SHB Evan Adams 0-0: Called Strike
0-1: SOLO HOME RUN (Line Drive, 7LS), Distance : 347 ft
Batting: RHB Javier Díaz 0-0: Ball
1-0: Foul Ball, location: 2F
1-1: Called Strike
1-2: Fly out, F7 (Flyball, 7M)
Batting: RHB Jason Dunn 0-0: Called Strike
0-1: Ball
1-1: Ground out 5-3 (Groundball, 5)
Batting: LHB Rafael García 0-0: Called Strike
0-1: Called Strike
0-2: Ball
1-2: Ground out 6-3 (Groundball, 6M)
Bottom of the 5th over - 1 run(s), 1 hit(s), 0 error(s), 0 left on base; Tortolita 4 - Athletic Club KC 4
TOP OF THE 6TH
Tortolita Drummers batting - Pitching for Athletic Club KC Reserves : RHP Norris Howard
Batting: LHB Keith Spear Error on foul ball, E5
0-1: Swinging Strike
0-2: Ball
1-2: Ground out U3 (Groundball, 3)
Batting: RHB Ignacio Rodríguez 0-0: Called Strike
0-1: Ball
1-1: Swinging Strike
1-2: Fly out, F9 (Flyball, 9D)
Batting: LHB Raúl Andrade 0-0: Called Strike
0-1: Called Strike
0-2: Ball
1-2: Fly out, F6 (Line Drive, 56D)
Top of the 6th over - 0 run(s), 0 hit(s), 1 error(s), 0 left on base; Tortolita 4 - Athletic Club KC 4
BOTTOM OF THE 6TH
Athletic Club KC Reserves batting - Pitching for Tortolita Drummers : RHP Artie Chávez
Batting: LHB Thatcher Douglas 0-0: Foul Ball, location: 2F
0-1: Fly out, F5 (Popup, 5DF)
Batting: RHB Robert Hill 0-0: Ball
1-0: Foul Ball, location: 2F
1-1: Ball
2-1: Ball
3-1: Base on Balls
Batting: LHB Matt Hartnett 0-0: Ball
1-0: Ball
Robert Hill steals 2nd base
2-0: Ball
3-0: Called Strike
3-1: Called Strike
3-2: Foul Ball, location: 2F
3-2: Ground out 4-3 (Groundball, 4)
Robert Hill to third
Batting: RHB Máximo Padilla 0-0: Ground out 5-3 (Groundball, 56)
Bottom of the 6th over - 0 run(s), 0 hit(s), 0 error(s), 1 left on base; Tortolita 4 - Athletic Club KC 4
TOP OF THE 7TH
Tortolita Drummers batting - Pitching for Athletic Club KC Reserves : RHP Norris Howard
Pinch Hitting: LHB Jim Unknown 0-0: Ball
1-0: Called Strike
1-1: Ground out 1-3 (Groundball, 13)
Batting: RHB Richard Ollivier 0-0: Foul Ball, location: 2F
0-1: Foul Ball, location: 2F
0-2: Ball
1-2: Fly out, F3 (Popup, 3SF)
Batting: SHB Omar Gutiérrez 0-0: Called Strike
0-1: Fly out, F2 (Popup, 2LF)
Top of the 7th over - 0 run(s), 0 hit(s), 0 error(s), 0 left on base; Tortolita 4 - Athletic Club KC 4
BOTTOM OF THE 7TH
Athletic Club KC Reserves batting - Pitching for Tortolita Drummers : RHP Artie Chávez
Now at SS: Hunter Curtis
Batting: LHB Eduardo López 0-0: Called Strike
0-1: SINGLE (Line Drive, 8LS)
Batting: SHB Evan Adams 0-0: Bunted foul
0-1: Ball
1-1: Sac Bunt - play at first, batter OUT! 5-4
Eduardo López to second
Pinch Hitting: LHB Greg Robinson 0-0: Ground out 4-3 (Groundball, 34)
Eduardo López to third
Batting: RHB Jason Dunn 0-0: Fly out, F9 (Flyball, 89M)
Bottom of the 7th over - 0 run(s), 1 hit(s), 0 error(s), 1 left on base; Tortolita 4 - Athletic Club KC 4
TOP OF THE 8TH
Tortolita Drummers batting - Pitching for Athletic Club KC Reserves : RHP Norris Howard
Now at 3B: Glenn Woods
Pinch Hitting: SHB Eiji Suzuki 0-0: Ball
1-0: Called Strike
1-1: Foul Ball, location: 2F
1-2: Ball
2-2: SINGLE (Line Drive, 4D)
Batting: RHB Dan Lewis 0-0: Bunted foul
0-1: Sac Bunt - play at first, batter OUT! 1-4
Eiji Suzuki to second
Batting: RHB Lonnie Conrad 0-0: Ball
1-0: Ball
2-0: Foul Ball, location: 2F
2-1: Foul Ball, location: 2F
2-2: Ball
3-2: Foul Ball, location: 2F
3-2: Base on Balls
Batting: LHB Keith Spear 0-0: Fly out, F9 (Line Drive, 9M)
Batting: RHB Ignacio Rodríguez 0-0: Ball
1-0: Ball
2-0: Ball
3-0: Fielders Choice at 2nd, U4 (Groundball, 4M)
Top of the 8th over - 0 run(s), 1 hit(s), 0 error(s), 2 left on base; Tortolita 4 - Athletic Club KC 4
BOTTOM OF THE 8TH
Athletic Club KC Reserves batting - Pitching for Tortolita Drummers : RHP Artie Chávez
Now in CF: Robert Bailey
Batting: LHB Rafael García 0-0: Ground out 4-3 (Groundball, 34)
Batting: LHB Thatcher Douglas 0-0: Ball
1-0: Foul Ball, location: 2F
1-1: SINGLE (Line Drive, 56D)
Batting: RHB Robert Hill 0-0: Ball
1-0: Ball
2-0: Ball
3-0: Foul Ball, location: 2F
3-1: Base on Balls
Thatcher Douglas to second
Batting: LHB Matt Hartnett 0-0: Called Strike
0-1: Ball
1-1: Swinging Strike
1-2: Strikes out swinging
Batting: RHB Máximo Padilla 0-0: Ball
1-0: SINGLE (Groundball, 13) (infield hit)
Thatcher Douglas to third
Robert Hill to second
Batting: LHB Eduardo López 0-0: DOUBLE (Line Drive, 6M)
Thatcher Douglas scores
Robert Hill scores
Máximo Padilla to third
Pitching: LHP Keith Hall
Pinch Hitting: RHB Karl Stevens 0-0: Ball
1-0: Ball
2-0: Swinging Strike
2-1: Foul Ball, location: 2F
2-2: Ball
3-2: Base on Balls
Batting: RHB Glenn Woods 0-0: Ground out 1-3 (Groundball, 13)
Bottom of the 8th over - 2 run(s), 3 hit(s), 0 error(s), 3 left on base; Tortolita 4 - Athletic Club KC 6
TOP OF THE 9TH
Tortolita Drummers batting - Pitching for Athletic Club KC Reserves : RHP Norris Howard
Now at 2B: Karl Stevens
Batting: LHB Raúl Andrade 0-0: Ball
1-0: Fly out, F4 (Line Drive, 34)
Batting: RHB Hunter Curtis 0-0: Ball
1-0: Called Strike
1-1: Foul Ball, location: 2F
1-2: Fly out, F8 (Flyball, 8LD)
Batting: RHB Richard Ollivier 0-0: Ball
1-0: Ball
2-0: Ground out 1-3 (Groundball, 13S)
Top of the 9th over - 0 run(s), 0 hit(s), 0 error(s), 0 left on base; Tortolita 4 - Athletic Club KC 6
This league is powered by Out of the Park Baseball, the baseball management simulation game for PC, Mac and Linux
Friday, January 22nd, 2016 - OOTP Baseball 16.9 Build 39